[Event "ICCopen2017"]
[Site "Internet Chess Club"]
[Date "2017.03.25"]
[Round "3"]
[White "Trentosk"]
[Black "zhuzhenghai008"]
[Result "1-0"]
[ICCResult "Black resigns"]
[WhiteElo "2551"]
[BlackElo "1889"]
[Opening "Sicilian: Canal-Sokolsky attack, 3...Bd7"]
[ECO "B52"]
[NIC "SI.01"]
[Time "14:27:42"]
[TimeControl "180+0"]

1. e4 c5 2. Nf3 d6 3. Bb5+ Bd7 4. Bxd7+ Nxd7 5. O-O e6 6. b3 Be7 7. Bb2 Bf6
8. Nc3 Ne7 9. d4 cxd4 10. Nxd4 a6 11. Qd2 O-O 12. Rad1 Rc8 13. f4 e5 14.
Nde2 exf4 15. Nxf4 Rc6 16. Ba1 Nc5 17. Nh5 Be5 18. Qe3 Ne6 19. Nd5 Bxa1 20.
Rxa1 Ng6 21. c4 f6 22. Rad1 Rf7 23. Rf2 Ne5 24. h3 Kh8 25. Qg3 Qf8 26. Rdf1
Nc5 27. Re2 b5 28. cxb5 axb5 29. Nhf4 Qe8 30. Nb4 Rc8 31. Nfd5 Ne6 32. Nd3
Nd4 33. Ref2 Ra7 34. N3f4 b4 35. Nxb4 Ng6 36. Nxg6+ Qxg6 37. Qxg6 hxg6 38.
Nd5 Re8 39. Re1 Ra5 40. Nf4 Kh7 41. Rd2 Nb5 42. Nd5 Re5 43. a4 Na7 44. Ra1
Rc5 45. b4 Rc4 46. b5 Rcxe4 47. b6 Nc6 48. a5 Re8 49. a6 R4e5 50. a7 Nxa7
51. bxa7 Ra8 52. Nb6 {Black resigns} 1-0

[Event "ICCopen2017"]
[Site "Internet Chess Club"]
[Date "2017.03.25"]
[Round "3"]
[White "dhar2603"]
[Black "yozhik"]
[Result "1-0"]
[ICCResult "Black forfeits on time"]
[WhiteElo "1795"]
[BlackElo "2718"]
[Opening "King's Indian: orthodox, Donner variation"]
[ECO "E94"]
[NIC "KI.15"]
[Time "14:27:33"]
[TimeControl "180+0"]

1. Nf3 Nf6 2. c4 g6 3. Nc3 Bg7 4. e4 O-O 5. d4 d6 6. Be2 e5 7. O-O c6 8. h3
exd4 9. Nxd4 Nbd7 10. Re1 Re8 11. Bf3 Ne5 12. Be2 Ned7 13. Bf3 a5 14. Bf4
Nc5 15. Nc2 Bf8 16. Qd2 Ne6 17. Bg3 h5 18. Rad1 Nc5 19. Bxd6 Bxd6 20. Qxd6
Qxd6 21. Rxd6 Be6 22. b3 Kf8 23. Red1 Ke7 24. R6d2 Nfd7 25. Be2 Nf6 26. Bf3
g5 27. e5 Nfd7 28. Bxh5 Nxe5 29. Re2 Ned7 30. Bg4 Nf6 31. Bxe6 Nxe6 32. Nd4
Rad8 33. Nxe6 fxe6 34. Rde1 Kf7 35. Na4 Nd7 36. Re3 b5 37. cxb5 cxb5 38. Nc3
b4 39. Ne4 Kg6 40. Nd6 Rf8 41. Rxe6+ Rf6 42. Rxf6+ Kxf6 43. Nc4 Ra8 44. Rd1
Nc5 45. Rd6+ Ke7 46. Rd5 Ne6 47. Rxa5 Rb8 48. Ra7+ Kf6 49. Ra6 Ke7 50. Ne3
Nd4 51. Rg6 Rc8 52. Rxg5 Rc1+ 53. Kh2 Ne2 54. h4 Kf6 55. Rg4 Ke5 56. Rxb4
Ra1 57. Rb5+ Ke4 58. Rb4+ Kd3 59. h5 Rxa2 60. h6 Nf4 61. h7 Ng6 62. Rb6 Rxf2
63. Rxg6 Kxe3 64. h8=Q Ke2 65. Qe5+ Kd3 66. Re6 Rf1 67. Qd5+ Kc3 68. Rc6+
Kb2 69. Qd4+ Kxb3 70. Qc4+ Kb2 71. Rb6+ {Black forfeits on time} 1-0

[Event "ICCopen2017"]
[Site "Internet Chess Club"]
[Date "2017.03.25"]
[Round "3"]
[White "RdgMx"]
[Black "Boing777"]
[Result "0-1"]
[ICCResult "White forfeits on time"]
[WhiteElo "1776"]
[BlackElo "2441"]
[Opening "Queen's bishop game"]
[ECO "D02"]
[NIC "QP.08"]
[Time "14:27:33"]
[TimeControl "180+0"]

1. d4 d5 2. Nf3 Nf6 3. Bf4 c5 4. e3 Nc6 5. c3 Qb6 6. Qb3 c4 7. Qxb6 axb6 8.
Na3 Ra5 9. Bc7 Nd7 10. Nc2 e6 11. a3 Ra8 12. Be2 Be7 13. O-O b5 14. Nb4 O-O
15. h3 Na5 16. Bd1 Nb8 17. Bc2 Nac6 18. Ne5 Nxe5 19. Bxe5 Nc6 20. Bg3 Bd7
21. Rfe1 f5 22. f3 Be8 23. e4 fxe4 24. fxe4 Nxb4 25. axb4 Bg6 26. Rxa8 Rxa8
27. Re2 Bg5 28. exd5 Bxc2 29. Rxc2 Ra1+ 30. Kh2 exd5 31. Re2 Rb1 32. Bd6 h5
33. Rf2 Be3 34. Rf8+ Kh7 35. Rf3 Bg1+ 36. Kg3 Rxb2 37. Be5 Rc2 38. Rf7 Rxc3+
39. Kh4 Kh6 40. Rxg7 Be3 41. Rg8 Bf2+ 42. g3 Bxd4 43. Bf4+ Kh7 44. Rg5 Bf6
45. Kxh5 Bxg5 46. Kxg5 d4 47. h4 d3 48. h5 Rc2 49. Be3 d2 50. Bxd2 Rxd2 51.
g4 c3 52. Kh4 c2 53. Kg5 c1=Q 54. Kh4 Rh2+ {White forfeits on time} 0-1

[Event "ICCopen2017"]
[Site "Internet Chess Club"]
[Date "2017.03.25"]
[Round "3"]
[White "RealContender"]
[Black "PazificDreams"]
[Result "0-1"]
[ICCResult "White resigns"]
[WhiteElo "2136"]
[BlackElo "2700"]
[Opening "King's Indian: Kazakh variation"]
[ECO "E91"]
[NIC "KI.19"]
[Time "14:28:18"]
[TimeControl "180+0"]

1. d4 Nf6 2. c4 g6 3. Nc3 Bg7 4. e4 d6 5. Nf3 O-O 6. Be2 Na6 7. O-O e5 8.
Re1 c6 9. h3 exd4 10. Nxd4 Re8 11. Bf1 Nc5 12. Bg5 Qb6 13. Bxf6 Bxf6 14. b3
Nxe4 15. Rxe4 Rxe4 16. Nxe4 Bxd4 17. Rc1 Bf5 18. Qf3 Bxe4 19. Qxe4 Bxf2+ 20.
Kh1 Bg3 21. Rc2 Qa5 22. Re2 Qg5 23. Qf3 Be5 24. Re4 Kg7 25. Kg1 Rd8 26. Rg4
Qd2 27. Qe2 Qxe2 28. Bxe2 d5 29. cxd5 cxd5 30. Ra4 a6 31. Rb4 Rd7 32. Kf2
Bd6 33. Rg4 f5 34. Ra4 Kf6 35. b4 Bc7 36. b5 a5 37. Ra3 Bb6+ 38. Ke1 Bc5 39.
Rb3 b6 40. a4 Re7 41. Kd2 Re4 42. Rg3 Rxa4 43. Rd3 Ke5 44. Bf3 d4 45. Ke1
Ra1+ 46. Kf2 Ra2+ 47. Kg3 Rb2 48. Bc6 a4 49. Rf3 a3 50. Rf1 Rb3+ 51. Kh2 Bb4
52. Re1+ Bxe1 53. Kg1 Bg3 54. Kf1 Re3 {White resigns} 0-1

[Event "ICCopen2017"]
[Site "Internet Chess Club"]
[Date "2017.03.25"]
[Round "3"]
[White "WhiteMoon"]
[Black "Renos"]
[Result "1-0"]
[ICCResult "Black forfeits on time"]
[WhiteElo "2035"]
[BlackElo "1667"]
[Opening "Nimzo-Indian: three knights variation"]
[ECO "E21"]
[NIC "NI.28"]
[Time "14:27:49"]
[TimeControl "180+0"]

1. d4 Nf6 2. Nf3 e6 3. c4 Bb4+ 4. Nc3 Ne4 5. Bd2 Bxc3 6. Bxc3 b6 7. Rc1 Bb7
8. e3 d6 9. Be2 Nd7 10. O-O O-O 11. b3 Nxc3 12. Rxc3 Nf6 13. Rc1 Ne4 14. Nd2
f5 15. f3 Nxd2 16. Qxd2 Qe7 17. Bd3 e5 18. d5 f4 19. Rce1 Qg5 20. Kh1 a5 21.
exf4 Qxf4 22. Qxf4 Rxf4 23. Re4 Raf8 24. Rfe1 Bc8 25. Kg1 h6 26. Kf2 g5 27.
Ke2 Bf5 28. Rxf4 Bxd3+ 29. Kxd3 Rxf4 30. h3 Kf7 31. Ke3 Kf6 32. Rd1 Ke7 33.
Rd2 Kf6 34. Rd3 Ke7 35. Rd1 Kd7 36. g3 Rf7 37. Rh1 Rg7 38. g4 h5 39. Ke4 h4
40. Kf5 Ke7 41. Re1 Kf7 42. a3 Rg6 43. Rb1 Kg7 44. b4 Rf6+ 45. Kxg5 Rxf3 46.
bxa5 bxa5 47. Rb7 Rxh3 48. Rxc7+ Kf8 49. Kf6 Ke8 50. Ke6 Kf8 51. Kxd6 Rxa3
52. Kxe5 h3 53. Rh7 Kg8 54. Rh5 Kf7 55. d6 {Black forfeits on time} 1-0

[Event "ICCopen2017"]
[Site "Internet Chess Club"]
[Date "2017.03.25"]
[Round "3"]
[White "Sam08"]
[Black "skewerd"]
[Result "1-0"]
[ICCResult "Black checkmated"]
[WhiteElo "2446"]
[BlackElo "1842"]
[Opening "Sicilian: Taimanov variation"]
[ECO "B48"]
[NIC "SI.40"]
[Time "14:28:21"]
[TimeControl "180+0"]

1. e4 c5 2. Nf3 e6 3. d4 cxd4 4. Nxd4 Nc6 5. Nc3 Qc7 6. Be3 a6 7. Qd2 Nf6 8.
O-O-O Be7 9. f3 h5 10. Nxc6 dxc6 11. Qf2 e5 12. Bb6 Qb8 13. Bc5 Qc7 14. Na4
b5 15. Nb6 Rb8 16. Nxc8 Rxc8 17. g3 O-O 18. Bh3 Rcd8 19. Bb6 Rxd1+ 20. Rxd1
Qb7 21. Qe3 Nh7 22. Ba5 Qb8 23. f4 Nf6 24. Bf5 g6 25. fxe5 Nh7 26. h4 Qxe5
27. Bc3 Qc7 28. Rd7 Qc8 29. Qh6 Bf6 30. Bxg6 fxg6 31. Qxh7# {Black
checkmated} 1-0

[Event "ICCopen2017"]
[Site "Internet Chess Club"]
[Date "2017.03.25"]
[Round "3"]
[White "Geochess"]
[Black "Magagna"]
[Result "1-0"]
[ICCResult "Black forfeits on time"]
[WhiteElo "1950"]
[BlackElo "1607"]
[Opening "Queen's pawn game"]
[ECO "A45"]
[NIC "QP.07"]
[Time "14:27:53"]
[TimeControl "180+0"]

1. d4 Nf6 2. e3 e6 3. f4 d5 4. Nf3 c5 5. c3 Nc6 6. Bd3 Qb6 7. O-O Bd7 8. Ne5
Bd6 9. Nd2 c4 10. Bc2 O-O 11. Rf3 Rac8 12. Rh3 Rfd8 13. Qe1 a5 14. Qh4 h6
15. g4 Kf8 16. g5 hxg5 17. Qh8+ Ke7 18. Qxg7 Rg8 19. Qxf7+ Kd8 20. Qxf6+ Kc7
21. fxg5 Nxe5 22. dxe5 Bc5 23. Nf3 Bxe3+ 24. Bxe3 Qxe3+ 25. Kg2 Qe2+ 26. Kg3
Rcf8 27. Bh7 Rxf6 28. exf6 Rf8 29. Re1 Qd3 30. Kg2 Qxf3+ 31. Rxf3 Rxf6 32.
Rxf6 d4 33. Rf7 Kb6 34. Rxe6+ Bc6+ 35. Kg3 Ka7 36. Rxc6 Ka8 37. Rxc4
{Black forfeits on time}
1-0

[Event "ICCopen2017"]
[Site "Internet Chess Club"]
[Date "2017.03.25"]
[Round "3"]
[White "zandoli"]
[Black "HEM"]
[Result "1-0"]
[ICCResult "Black resigns"]
[WhiteElo "1933"]
[BlackElo "1495"]
[Opening "King's Indian: East Indian defense"]
[ECO "A48"]
[NIC "QP.06"]
[Time "14:28:29"]
[TimeControl "180+0"]

1. Nf3 Nf6 2. d4 g6 3. e3 Bg7 4. Be2 O-O 5. O-O d6 6. h3 Nc6 7. c4 e5 8. Nc3
exd4 9. exd4 d5 10. Be3 Bf5 11. a3 Re8 12. Rc1 Ne7 13. Ne5 dxc4 14. Bxc4
Ned5 15. Qb3 c6 16. Rfe1 Qc7 17. Nxd5 Nxd5 18. Bxd5 Bxe5 19. dxe5 Rxe5 20.
Bf3 Qe7 21. Bd2 Re8 22. Rxe5 Qxe5 23. Qxb7 Rd8 24. Bc3 Qf4 25. Re1 Bxh3 26.
Qxc6 Be6 27. Rxe6 Qc1+ 28. Re1 Qh6 29. Qf6 {Black resigns} 1-0

[Event "ICCopen2017"]
[Site "Internet Chess Club"]
[Date "2017.03.25"]
[Round "3"]
[White "mehrdad1978"]
[Black "Alikfish"]
[Result "0-1"]
[ICCResult "White resigns"]
[WhiteElo "1831"]
[BlackElo "1738"]
[Opening "Modern defense"]
[ECO "A40"]
[NIC "KI.77"]
[Time "14:28:45"]
[TimeControl "180+0"]

1. d4 g6 2. c4 Bg7 3. Nc3 c5 4. e3 Nf6 5. Nf3 O-O 6. Be2 cxd4 7. exd4 d5 8.
cxd5 Nxd5 9. O-O Nc6 10. Be3 Bg4 11. h3 Bxf3 12. Bxf3 Nxe3 13. fxe3 e5 14.
d5 Ne7 15. e4 a6 16. Qb3 b5 17. Rad1 Nc8 18. a4 Rb8 19. axb5 axb5 20. Qb4
Qd6 21. Qxd6 Nxd6 22. Ra1 b4 23. Na4 Bh6 24. Nc5 Be3+ 25. Kh1 Bxc5 26. Rfc1
Bd4 27. Rc6 Rfd8 28. Raa6 Ne8 29. b3 Rbc8 30. Be2 Rxc6 31. dxc6 Rc8 32. Bg4
Rc7 33. Ra8 Re7 34. c7 Rxc7 35. Rxe8+ Kg7 36. Rb8 h5 37. Be2 Rc1+ 38. Kh2 h4
39. g3 Rc2 40. gxh4 Rxe2+ 41. Kg3 Rxe4 42. Kf3 Re3+ 43. Kg2 Rxb3 {White
resigns} 0-1

[Event "ICCopen2017"]
[Site "Internet Chess Club"]
[Date "2017.03.25"]
[Round "3"]
[White "GoogleGirl"]
[Black "NWRiver"]
[Result "0-1"]
[ICCResult "White forfeits on time"]
[WhiteElo "1871"]
[BlackElo "1620"]
[Opening "Queen's pawn, Mason variation"]
[ECO "D00"]
[NIC "QP.08"]
[Time "14:27:29"]
[TimeControl "180+0"]

1. d4 d5 2. Bf4 e6 3. Nf3 Nf6 4. e3 Be7 5. c3 h6 6. Bd3 c6 7. O-O Nbd7 8.
Ne5 O-O 9. Nd2 c5 10. Qf3 cxd4 11. exd4 Nb6 12. a4 Nbd7 13. Rfe1 b6 14. a5
bxa5 15. Nb3 a4 16. Rxa4 Bb7 17. Na5 Qc8 18. Bb5 Nb6 19. Raa1 a6 20. Nac6
Bxc6 21. Bxc6 Ra7 22. Bb5 Qb7 23. Bd3 a5 24. Ng4 Nxg4 25. Qxg4 Kh8 26. Qe2
Nc4 27. Reb1 Bd6 28. Bc1 Nb6 29. b3 Nd7 30. c4 Qc7 31. c5 Bxh2+ 32. Kh1 Bf4
33. Be3 Bxe3 34. fxe3 Nf6 35. Qf3 Raa8 36. Ra4 Rab8 37. b4 Qc6 38. b5 Qa8
39. Rba1 Qb7 40. Rxa5 Ra8 41. Rxa8 Rxa8 42. Qd1 Rxa1 43. Qxa1 Kg8 44. c6 Qb6
45. Qa6 Qd8 46. Qb7 Ne8 47. c7 Nxc7 48. Qc6 Nxb5 49. Qxb5 Qc8 50. Qb1 Qc3
51. Qf1 Qd2 52. Be2 Qc3 53. Qf3 f6 54. Kh2 Kf7 55. e4 e5 56. exd5 Qxd4 57.
Qc3 Qxd5 58. Qc4 Qxc4 59. Bxc4+ Kg6 60. Bd3+ f5 61. Be4 fxe4 62. g4 e3 63.
Kg3 e2 64. Kh4 e1=Q+ {White forfeits on time} 0-1

[Event "ICCopen2017"]
[Site "Internet Chess Club"]
[Date "2017.03.25"]
[Round "3"]
[White "aplusk"]
[Black "Kusox"]
[Result "1-0"]
[ICCResult "Black forfeits on time"]
[WhiteElo "2789"]
[BlackElo "2149"]
[Opening "Sicilian: Alapin's variation (2.c3)"]
[ECO "B22"]
[NIC "SI.46"]
[Time "14:27:40"]
[TimeControl "180+0"]

1. e4 c5 2. c3 e6 3. Nf3 Nf6 4. e5 Nd5 5. Bc4 Nb6 6. Bb3 d6 7. exd6 Bxd6 8.
O-O N8d7 9. Re1 Nf6 10. d4 O-O 11. dxc5 Bxc5 12. Qe2 Nbd5 13. Rd1 Qc7 14.
Nd4 a6 15. a4 Nf4 16. Bxf4 Qxf4 17. Qf3 Qxf3 18. Nxf3 Bd7 19. Ne5 Rfd8 20.
Nxd7 Nxd7 21. Nd2 Ne5 22. Bc2 Be7 23. Kf1 g6 24. Ke2 Kg7 25. Be4 Rab8 26.
Nf3 Nxf3 27. Bxf3 b6 28. Bc6 a5 29. Bd7 Bc5 30. Rd3 Kf6 31. Rad1 Ke7 32. f4
h5 33. Kf3 Rb7 34. Bb5 Rxd3+ 35. Rxd3 Rc7 36. Ke4 Bd6 37. g3 Rc5 38. h3 g5
39. Rf3 h4 40. g4 Bxf4 41. Kd3 Re5 42. b4 axb4 43. cxb4 Rd5+ 44. Kc4 Be5 45.
Bc6 Rd4+ 46. Kb5 Bd6 47. Kxb6 Rxb4+ 48. Bb5 Rb2 49. a5 Ra2 50. a6 Be5 51.
Rd3 f5 52. a7 fxg4 53. Ba6 Rb2+ 54. Ka5 Ra2+ 55. Kb5 Rb2+ 56. Ka4 Ra2+ 57.
Ra3 Rxa3+ 58. Kxa3 gxh3 59. a8=Q h2 60. Qg2 Kf6 61. Be2 Bf4 62. Kb3 e5 63.
Bf3 Kf5 64. Qg4+ Kf6 65. Bh1 Ke7 66. Kc4 Kd6 67. Qf3 e4 68. Qxe4 Kd7 69.
Qd5+ Kc7 70. Kd3 h3 71. Ke4 Bd6 72. Kf5 Bf4 73. Kg4 Kb6 74. Kxh3
{Black forfeits on time}
1-0

[Event "ICCopen2017"]
[Site "Internet Chess Club"]
[Date "2017.03.25"]
[Round "3"]
[White "SebasTian6"]
[Black "hon"]
[Result "1-0"]
[ICCResult "Black forfeits on time"]
[WhiteElo "1560"]
[BlackElo "1267"]
[Opening "King's Indian: London system"]
[ECO "A48"]
[NIC "QP.03"]
[Time "14:28:16"]
[TimeControl "180+0"]

1. d4 Nf6 2. Nf3 g6 3. Bf4 Bg7 4. h3 d6 5. e3 O-O 6. Bd3 c5 7. c3 cxd4 8.
exd4 Nc6 9. O-O Re8 10. Re1 Qc7 11. Nbd2 e5 12. dxe5 dxe5 13. Bh2 Nd5 14.
Bb5 a6 15. Ba4 Bf5 16. Qe2 b5 17. Bb3 Rad8 18. Rad1 f6 19. Ne4 Bxe4 20. Qxe4
Ne7 21. g4 Qc5 22. Bg3 Kh8 23. a3 Nb6 24. Kg2 Nc4 25. Bxc4 Qxc4 26. Qxc4
bxc4 27. Nd2 Rc8 28. Ne4 Bf8 29. Nd6 Nc6 30. Nxc8 Rxc8 31. Re4 Rb8 32. Rd2
Na5 33. Bh4 Kg7 34. f4 exf4 35. Red4 g5 36. Rd7+ Kg6 37. Bf2 Ra8 38. R2d5
Nb3 39. Rc7 Nc1 40. Rdd7 {Black forfeits on time} 1-0

[Event "ICCopen2017"]
[Site "Internet Chess Club"]
[Date "2017.03.25"]
[Round "3"]
[White "Iandmyself"]
[Black "MasterMind"]
[Result "1-0"]
[ICCResult "Black checkmated"]
[WhiteElo "2491"]
[BlackElo "1761"]
[Opening "Sicilian: Taimanov (Bastrikov) variation"]
[ECO "B47"]
[NIC "SI.40"]
[Time "14:28:08"]
[TimeControl "180+0"]

1. e4 c5 2. Nf3 e6 3. d4 cxd4 4. Nxd4 Nc6 5. Nc3 Qc7 6. Be2 Nf6 7. O-O Nxd4
8. Qxd4 Bc5 9. Qd3 h6 10. Kh1 O-O 11. f4 d6 12. Qg3 Kh8 13. e5 Nd5 14. Ne4
Bd7 15. a3 a5 16. c4 Ne7 17. Bd3 Nf5 18. Qh3 Rad8 19. g4 Ne7 20. f5 Ng8 21.
f6 Bc6 22. Be3 Bxe3 23. Qxe3 dxe5 24. g5 gxf6 25. gxf6 Rd4 26. Rg1 Rxd3 27.
Rxg8+ Kxg8 28. Qg1+ Kh7 29. Qg7# {Black checkmated} 1-0

[Event "ICCopen2017"]
[Site "Internet Chess Club"]
[Date "2017.03.25"]
[Round "3"]
[White "Lavrik87"]
[Black "wolfshead"]
[Result "1-0"]
[ICCResult "Black resigns"]
[WhiteElo "2018"]
[BlackElo "1676"]
[Opening "Benko's opening"]
[ECO "A00"]
[NIC "EO.24"]
[Time "14:29:30"]
[TimeControl "180+0"]

1. g3 e5 2. c4 f5 3. Bg2 Nf6 4. Nc3 c6 5. Nf3 d6 6. O-O g6 7. d3 Bg7 8. b4
O-O 9. Rb1 Nbd7 10. b5 Nc5 11. bxc6 bxc6 12. Ba3 Ne6 13. Nxe5 dxe5 14. Bxf8
Bxf8 15. Bxc6 Bd7 16. Bxa8 Qxa8 17. Qb3 Nd4 18. Qb7 Qe8 19. Qxa7 Bc6 20. Rb8
Qe6 21. f3 Nd7 22. Rd8 Kf7 23. e3 Nxf3+ 24. Rxf3 Bxf3 25. Qxd7+ Qxd7 26.
Rxd7+ Ke6 27. Rxh7 Bc5 28. Kf2 Bh5 29. Rb7 f4 30. gxf4 exf4 31. d4
{Black resigns}
1-0

[Event "ICCopen2017"]
[Site "Internet Chess Club"]
[Date "2017.03.25"]
[Round "3"]
[White "Svinotigr"]
[Black "MrsPiggy"]
[Result "1-0"]
[ICCResult "Black forfeits on time"]
[WhiteElo "1721"]
[BlackElo "1332"]
[Opening "Réti: old Indian attack"]
[ECO "A06"]
[NIC "QP.09"]
[Time "14:28:05"]
[TimeControl "180+0"]

1. Nf3 d5 2. d3 Nf6 3. Nbd2 Nc6 4. e4 e6 5. Qe2 Be7 6. g3 O-O 7. h4 h6 8.
Bg2 b6 9. O-O Bb7 10. Re1 Ng4 11. c3 Nge5 12. Nxe5 Nxe5 13. exd5 Bxd5 14.
Qxe5 Bxg2 15. Kxg2 Bf6 16. Qe2 Qd5+ 17. Qe4 Qd7 18. Nf3 Rfd8 19. Bf4 Qe7 20.
Ne5 Qc5 21. d4 Qb5 22. Qe2 Qd5+ 23. Kg1 c6 24. b3 b5 25. Rad1 c5 26. dxc5
Qxc5 27. c4 b4 28. Ng4 Be7 29. Rxd8+ Rxd8 30. Rd1 Re8 31. Qe3 Qa5 32. Rd2
Qa6 33. Ne5 Qb7 34. Qf3 Bf6 35. Qxb7 {Black forfeits on time} 1-0

[Event "ICCopen2017"]
[Site "Internet Chess Club"]
[Date "2017.03.25"]
[Round "3"]
[White "motipen"]
[Black "Chigorinetz"]
[Result "0-1"]
[ICCResult "White resigns"]
[WhiteElo "1794"]
[BlackElo "1725"]
[Opening "QGD: Chigorin defense"]
[ECO "D07"]
[NIC "QP.08"]
[Time "14:28:55"]
[TimeControl "180+0"]

1. d4 d5 2. c4 Nc6 3. Nf3 Bg4 4. cxd5 Bxf3 5. gxf3 Qxd5 6. e3 e5 7. Nc3 Bb4
8. Bd2 Bxc3 9. bxc3 Qd6 10. Rb1 O-O-O 11. Qa4 Nge7 12. Bg2 f5 13. O-O Rhf8
14. Rb2 Rf6 15. Rfb1 b6 16. f4 Rg6 17. fxe5 Qd5 18. f3 Qxf3 19. Bc1 f4 20.
Kh1 Rxg2 21. Rxg2 fxe3 22. Qc2 Nxe5 23. Qe2 Qxe2 24. Rxe2 Ng4 25. Bxe3 Nd5
26. Bd2 Rf8 27. h3 Ngf6 28. c4 Nh5 29. Rg1 Ndf6 30. Bg5 Nd7 31. Re7 h6 32.
Be3 Rf3 33. Rg4 Ndf6 34. Rf4 Nxf4 35. Bxf4 Rxf4 36. Rxg7 Rxd4 {White
resigns} 0-1

[Event "ICCopen2017"]
[Site "Internet Chess Club"]
[Date "2017.03.25"]
[Round "3"]
[White "GYMEJR"]
[Black "NUANCE"]
[Result "1-0"]
[ICCResult "Black forfeits on time"]
[WhiteElo "1555"]
[BlackElo "951"]
[Opening "Queen's pawn, Mason variation"]
[ECO "D00"]
[NIC "QP.08"]
[Time "14:28:39"]
[TimeControl "180+0"]

1. d4 d5 2. Bf4 Nf6 3. e3 e6 4. Bd3 Be7 5. c3 Nbd7 6. Nf3 c6 7. Nbd2 b5 8.
O-O Bb7 9. h3 O-O 10. Ne5 Kh8 11. Qc2 g6 12. Bh6 Nxe5 13. dxe5 Rg8 14. exf6
Bxf6 15. Bf4 e5 16. Bg3 Qd7 17. Nb3 a5 18. Nc5 Qe7 19. Nxb7 Qxb7 20. e4 d4
21. cxd4 exd4 22. Rac1 Rac8 23. Bd6 Be7 24. e5 Bxd6 25. exd6 Qd7 26. Qc5
Rgd8 27. Qxd4+ Kg8 28. Rfd1 Qxd6 29. Qxd6 Rxd6 30. Be4 Rxd1+ 31. Rxd1 c5 32.
b3 c4 33. bxc4 bxc4 34. Rc1 c3 35. Bc2 a4 36. Bxa4 Rc4 37. Bb3 Rd4 38. Kf1
Rd2 39. Rxc3 Rd4 40. Ke2 Re4+ 41. Kd3 Re5 42. Rc7 Kh8 43. Rxf7 Re8 44. Rd7
Rf8 45. f3 h5 46. Bd5 {Black forfeits on time} 1-0

[Event "ICCopen2017"]
[Site "Internet Chess Club"]
[Date "2017.03.25"]
[Round "3"]
[White "TZ700A"]
[Black "Norgeman"]
[Result "0-1"]
[ICCResult "White forfeits on time"]
[WhiteElo "1282"]
[BlackElo "1520"]
[Opening "Alekhine's defense: Scandinavian variation"]
[ECO "B02"]
[NIC "AL.10"]
[Time "14:28:13"]
[TimeControl "180+0"]

1. e4 Nf6 2. Nc3 d5 3. e5 Nfd7 4. d4 c5 5. Nf3 e6 6. Bb5 cxd4 7. Qxd4 a6 8.
Bxd7+ Bxd7 9. O-O Nc6 10. Qg4 h5 11. Qh3 Be7 12. Be3 g5 13. Nd2 d4 14. Nde4
dxc3 15. bxc3 Nxe5 16. Bd4 f6 17. Rfd1 Nc6 18. Bxf6 Bxf6 19. Rxd7 Kxd7 20.
Rd1+ Nd4 21. cxd4 Be7 22. Nc5+ Kc6 23. Nxe6 Qd6 24. d5+ Kb5 25. Qb3+ Qb4 26.
Qd3+ Kb6 27. Qe3+ Ka5 28. Qe5 Bd6 29. Qf6 Raf8 {White forfeits on time} 0-1

[Event "ICCopen2017"]
[Site "Internet Chess Club"]
[Date "2017.03.25"]
[Round "3"]
[White "oli2"]
[Black "ramezsamir"]
[Result "1/2-1/2"]
[ICCResult "Game drawn because neither player has mating material"]
[WhiteElo "1612"]
[BlackElo "1936"]
[Opening "Sicilian: Anderssen variation"]
[ECO "B41"]
[NIC "SI.41"]
[Time "14:27:23"]
[TimeControl "180+0"]

1. e4 c5 2. Nf3 e6 3. d4 cxd4 4. Nxd4 Nf6 5. Nc3 Nc6 6. Ndb5 Bb4 7. a3 Bxc3+
8. Nxc3 d5 9. exd5 exd5 10. Bd3 O-O 11. O-O d4 12. Ne2 Bg4 13. Bg5 Qd6 14.
Qd2 Rfe8 15. Ng3 h6 16. Bf4 Qd7 17. h3 Be6 18. Bxh6 Ne5 19. Bg5 Nd5 20. Rae1
Nxd3 21. cxd3 Bf5 22. Nxf5 Qxf5 23. Rd1 f6 24. Bh4 Nf4 25. Bg3 Ne2+ 26. Kh2
Re6 27. Qb4 b6 28. Qc4 Re8 29. Rd2 Kh7 30. Rfd1 g5 31. Qc7+ R8e7 32. Qb8 a5
33. Qf8 Qg6 34. Rc2 Qf7 35. Qxf7+ Rxf7 36. Rdd2 Nxg3 37. Kxg3 f5 38. Rc4 Rd7
39. Rdc2 Rdd6 40. Kf3 Kg6 41. b4 axb4 42. axb4 f4 43. b5 Re5 44. Rc6 Rde6
45. Rxe6+ Rxe6 46. Rc6 Kf5 47. Rxe6 Kxe6 48. Ke4 Kd6 49. Kxd4 Ke6 50. g3 f3
51. h4 gxh4 52. gxh4 Kf5 53. Ke3 Kg4 54. h5 Kxh5 55. Kxf3 Kg5 56. Ke4 Kf6
57. Kd5 Kf5 58. Kc6 Ke5 59. Kxb6 Kd4 60. Kc6 Kxd3 61. b6 Ke4 62. b7 Kf3 63.
b8=Q Kxf2 64. Qe5 Kf3 65. Kd5 Kg4 66. Kd4 Kf3 67. Qf6+ Kg4 68. Qf5+ Kxf5
{Game drawn because neither player has mating material}
1/2-1/2

[Event "ICCopen2017"]
[Site "Internet Chess Club"]
[Date "2017.03.25"]
[Round "3"]
[White "AdamsX"]
[Black "iliketal"]
[Result "1-0"]
[ICCResult "Black checkmated"]
[WhiteElo "1951"]
[BlackElo "1607"]
[Opening "Benkö gambit"]
[ECO "A57"]
[NIC "BI.46"]
[Time "14:28:02"]
[TimeControl "180+0"]

1. d4 Nf6 2. c4 c5 3. d5 b5 4. cxb5 e6 5. dxe6 fxe6 6. Nc3 a6 7. e4 d5 8.
exd5 exd5 9. bxa6 Bxa6 10. Bxa6 Nxa6 11. Nf3 Bd6 12. O-O O-O 13. Bg5 d4 14.
Ne4 Be7 15. Nxf6+ Bxf6 16. Bxf6 Qxf6 17. Qb3+ Kh8 18. Rfe1 Rab8 19. Qa4 Rxb2
20. Rab1 Rxb1 21. Rxb1 Nb4 22. a3 Nd5 23. Qc4 Nc3 24. Rf1 Qd6 25. Ng5 Qe7
26. h4 h6 27. Nf3 Rxf3 28. gxf3 Qxh4 29. Re1 Qg5+ 30. Kf1 Qd2 31. Re8+ Kh7
32. Qg8+ Kg6 33. Re6+ Kh5 34. Qf7+ Kh4 35. Qxg7 Qc1+ 36. Kg2 Qg5+ 37. Qxg5+
Kxg5 38. Re5+ Kf4 39. Rxc5 Ne2 40. Rd5 h5 41. a4 h4 42. a5 h3+ 43. Kxh3 Kxf3
44. a6 Kxf2 45. a7 Nf4+ 46. Kh2 Nxd5 47. a8=Q Ne3 48. Qf8+ Ke2 49. Kg3 Kd2
50. Qb4+ Ke2 51. Qb2+ Kd3 52. Kf3 Nc2 53. Qb3+ Kd2 54. Ke4 Kc1 55. Kd3 Ne1+
56. Kxd4 Nc2+ 57. Kd3 Ne1+ 58. Ke2 Nc2 59. Qc3 Kb1 60. Kd2 Na3 61. Qb3+ Ka1
62. Qxa3+ Kb1 63. Qb3+ Ka1 64. Qb7 Ka2 65. Kc2 Ka3 66. Qb3# {Black
checkmated} 1-0

[Event "ICCopen2017"]
[Site "Internet Chess Club"]
[Date "2017.03.25"]
[Round "3"]
[White "shally"]
[Black "GOODZYLLA"]
[Result "0-1"]
[ICCResult "White checkmated"]
[WhiteElo "1900"]
[BlackElo "1687"]
[Opening "Nimzovich-Larsen attack: modern variation"]
[ECO "A01"]
[NIC "VO.08"]
[Time "14:28:55"]
[TimeControl "180+0"]

1. b3 e5 2. Bb2 d6 3. e3 Nc6 4. Bb5 Bd7 5. Ne2 Nf6 6. O-O Be7 7. d4 exd4 8.
Nxd4 O-O 9. Nxc6 bxc6 10. Be2 d5 11. c4 Be6 12. Nd2 a5 13. Qc2 a4 14. h3 a3
15. Bc3 Nd7 16. Rad1 Bf6 17. Ba1 Bxa1 18. Rxa1 c5 19. Rad1 c6 20. Nf3 Qf6
21. Bd3 h6 22. Be2 Rac8 23. Rd2 Ne5 24. Nxe5 Qxe5 25. Qc1 Qg5 26. cxd5 cxd5
27. Bf3 Bxh3 28. Rxd5 Qg6 29. Rxc5 Rxc5 30. Qxc5 Bg4 31. Bxg4 Qxg4 32. Qxa3
h5 33. Qd6 h4 34. Qf4 Qh5 35. a4 h3 36. g3 Rd8 37. b4 Rd1 38. Re1 Rxe1+ 39.
Kh2 Qd1 40. Qe4 Qe2 41. Qe8+ Kh7 42. Qe4+ g6 43. Qf4 Rh1+ 44. Kxh1 Qf1+ 45.
Kh2 Qg2# {White checkmated} 0-1

[Event "ICCopen2017"]
[Site "Internet Chess Club"]
[Date "2017.03.25"]
[Round "3"]
[White "onti"]
[Black "evorg"]
[Result "0-1"]
[ICCResult "White forfeits on time"]
[WhiteElo "1318"]
[BlackElo "1535"]
[Opening "King's knight's gambit"]
[ECO "C37"]
[NIC "KG.01"]
[Time "14:28:05"]
[TimeControl "180+0"]

1. e4 e5 2. f4 exf4 3. Nf3 g5 4. h3 h5 5. Bc4 g4 6. hxg4 d5 7. Bxd5 c6 8.
Bb3 Bxg4 9. Bxf7+ Kxf7 10. Ne5+ Kg7 11. Nxg4 Qg5 12. b3 hxg4 13. Rxh8 Kxh8
14. Bb2+ Nf6 15. Bxf6+ Qxf6 16. Nc3 Qh4+ 17. Ke2 f3+ 18. gxf3 Qh2+ 19. Kd3
g3 20. Qh1 Na6 21. Ne2 Rd8+ 22. Kc3 Bg7+ 23. d4 c5 24. Qxh2+ gxh2 25. Kd3
Bxd4 26. Nxd4 Rxd4+ 27. Ke3 Nb4 28. c3 Rd3+ 29. Ke2 Rxc3 30. Rh1 Rc2+ 31.
Kd1 Rxa2 32. e5 Ra1+ 33. Ke2 Rxh1 34. e6 Re1+ 35. Kxe1 h1=Q+ 36. Ke2 Qa1 37.
e7 Qe5+ 38. Kf2 Qxe7 39. Kg3 Qg5+ 40. Kf2 Nd5 41. Ke1 Qe3+ 42. Kd1 Qf2 43.
Kc1 Nb4 44. Kd1 Qc2+ 45. Ke1 Nd3+ {White forfeits on time} 0-1